AoeStats
← TM Caesar

Hideout

507155301Analyzed
1v1 RM · 16d ago on Sep 16, 2026· 55m 50s· 2 players
Game mode
Random Map
Map size
Tiny (2 player)
Population
200
Speed
Normal
Resources
Standard
Victory
Conquest
Starting age
Dark Age
Ending age
Imperial Age
RankedLock teamsTeams togetherTeam positionsShared explorationLock speedFull tech treeHidden civsTurbo modeCheats
Victory
Defeat
🇧🇾 Saracens · Belarus
1766
+14
🇦🇷 Slavs · Argentina
1728
-14
TM Caesar
9:35 Feudal Age
13:39 Castle Age
11:45 Loom
12:01 Double-Bit Axe
12:28 Horse Collar
15:52 Sanctity
20:42 Redemption
25:36 Atonement
30:06 Wheelbarrow
33:18 Imperial Age
34:29 Block Printing
35:57 Fletching
37:11 Scale Barding Armor
39:23 Theocracy
40:23 Illumination
40:30 Illumination
42:43 Bodkin Arrow
44:48 Town Watch
46:16 Scale Mail Armor
49:25 Pikeman
50:32 Squires
51:12 Chain Mail Armor
52:23 Forging
53:39 Halberdier
3D!Scatter
7:06 Loom
9:57 Feudal Age
13:42 Castle Age
12:03 Double-Bit Axe
12:33 Horse Collar
25:35 Light Cavalry
27:38 Forging
27:50 Husbandry
30:57 Loom
33:22 Scale Barding Armor
38:32 Imperial Age
37:13 Wheelbarrow
37:03 Bloodlines
39:49 Chain Barding Armor
39:52 Stone Mining
43:06 Devotion
45:21 Conscription
49:32 Plate Barding Armor
51:06 Iron Casting
53:27 Ballistics
54:10 Chemistry
54:45 Hand Cart
Connection lost

Rejoining the realm…

Still unreachable

The connection could not be restored.

Session expired

The server has moved on; the page needs a fresh start.